 Dungeon Crawl Stone Soup version 0.30.1-11-g7821555f0a (webtiles) character file.

Game seed: 1789017127406639570

1291 ANNNA the Chopper (level 8, -14/64 (70) HPs)
             Began as a Minotaur Berserker on Oct 13, 2023.
             Was a Priest of Trog.
             Demolished by Maggie
             ... wielding a +4 war axe of draining
              (19 damage)
             ... on level 6 of the Dungeon on Nov 13, 2023.
             The game lasted 00:09:36 (4212 turns).

ANNNA the Chopper (Minotaur Berserker)              Turns: 4212, Time: 00:09:38

HP:   -14/64 (70)   AC:  0    Str: 24    XL:     8   Next: 30%
MP:   7/7           EV: 12    Int:  4    God:    Trog [***...]
Gold: 326           SH:  0    Dex: 10    Spells: 7/7 levels left

rFire   . . .        v - +0 war axe
rCold   . . .        (no shield)
rNeg    + . .        g - +0 ring mail
rPois   .            (helmet restricted)
rElec   .            q - +1 cloak {rCorr}
rCorr   +            (no gloves)
SInv    .            (no boots)
Will    .....        (no amulet)
Stlth   +            n - ring of positive energy
HPRegen 0.30/turn    (no ring)
MPRegen 0.10/turn

%: no passive effects
@: corroded, mesmerised, drained
A: horns 2, retaliatory headbutt
a: Renounce Religion, Berserk, Trog's Hand


You were on level 6 of the Dungeon.
You worshipped Trog.
Trog was most pleased with you.
You visited 1 branch of the dungeon, and saw 6 of its levels.

You collected 326 gold pieces.

Inventory:

Hand Weapons
 v - a +0 war axe (weapon)
Missiles
 c - 46 stones (quivered)
 m - 2 javelins
 u - a throwing net
 B - 5 datura-tipped darts
Armour
 g - a +0 ring mail (worn)
 q - a +1 cloak of preservation (worn)
Jewellery
 n - a ring of positive energy (left hand)
Wands
 y - a wand of polymorph (8)
 C - a wand of flame (41)
Scrolls
 a - a scroll of noise {unknown}
 b - a scroll of blinking {unknown}
 e - 3 scrolls of fog
 h - a scroll of enchant armour {unknown}
 i - 2 scrolls of teleportation
 k - 2 scrolls of amnesia {unknown}
 l - 2 scrolls of poison {unknown}
 w - a scroll of silence {unknown}
 x - 2 scrolls of immolation {unknown}
 A - a scroll of magic mapping
Potions
 f - a potion of berserk rage {unknown}
 j - 4 potions of curing
 o - a potion of lignification {unknown}
 p - 2 potions of attraction {unknown}
 r - 2 potions of magic {unknown}
 s - 3 potions of might
 t - a potion of mutation {unknown}
 z - a potion of degeneration {unknown}
 D - a potion of invisibility {unknown}


   Skills:
 * Level 6.2 Fighting
 * Level 6.3 Axes
 * Level 5.6 Armour
 * Level 5.1 Dodging
 + Level 2.3 Stealth
 + Level 3.2 Shields
 + Level 2.5 Evocations


You had 7 spell levels left.
You didn't know any spells.
Your spell library was empty.

Dungeon Overview and Level Annotations

Branches:
Dungeon (6/15)             Temple (0/1) D:5

Altars:
Fedhas
Hepliaklqana
Sif Muna
Trog

Shops:
D:4 *   D:5 *

Annotations:
D:6 Maggie, Prince Ribbit


Innate Abilities, Weirdness & Mutations

You have a pair of horns on your head.
You reflexively headbutt those who attack you in melee.


Message History

You feel sick. Maggie hits you but does no damage. You partially resist.
You see here a water moccasin corpse.
You hit Maggie but do no damage.
You feel sick.
Maggie hits you with a +4 war axe of draining!
You partially resist.
You feel drained.
Unknown command.
Unknown command.
You closely miss Maggie. You hit the jelly.
Your hands burn!
You feel sick. The jelly closely misses you.
Maggie gestures wildly while chanting.
Maggie attempts to bespell you!
You are mesmerised by Maggie!
Unknown command.
You are too injured to fight recklessly!
You are too injured to fight recklessly!
You slash Maggie!
Maggie is lightly wounded.
You slash the jelly! The acid corrodes you!
Your hands burn!
You feel sick. The jelly hits you. The acid corrodes you!
You are splashed with acid.
You resist.
Maggie hits you with a +4 war axe of draining!
You partially resist.
You feel drained.
You feel sick. The jelly barely misses you.
Maggie hits you with a +4 war axe of draining!
* * * LOW HITPOINT WARNING * * *
You partially resist.
You feel drained.
* * * LOW HITPOINT WARNING * * *
You hit Maggie.
Maggie is lightly wounded.
You hit the jelly.
Your hands burn!
* * * LOW HITPOINT WARNING * * *
You feel sick.
You are no longer poisoned.
The jelly barely misses you. You furiously retaliate!
You headbutt the jelly!
You kill the jelly!
Trog accepts your kill.
Maggie says, "How do the people who live here stand the isolation?"
Maggie misses you.
Maggie hits you with a +4 war axe of draining!!
You die...

# .... #####. ....
.... . .... ##>.##
.. # ...##....## ..#
..###.#......####..#
...................#
......@.).#....##..
.......@†)##...#
##.###.†<####.....#
#.)## .#....# #..#
.. ......o ##.. ...
...o... #..F.$.
......# .......
....... ..#....
....... ..


You could see Maggie (mesmerising).

Vanquished Creatures
  Grinder (D:5)
  Sigmund (D:2)
  A water moccasin (D:6)
  An ogre (D:5)
  A centaur (D:5)
  2 phantoms (D:4)
  A kobold brigand (D:6)
  Blork the orc (D:5)
  A scorpion (D:6)
  A howler monkey (D:6)
  A jelly (D:6)
  An orc priest (D:6)
  Crazy Yiuf (D:2)
  2 iguanas
  3 gnolls (D:3)
  6 adders
  A shadow imp (D:4)
  An ufetubus (D:5)
  5 dart slugs
  2 orcs
  9 bats
  3 endoplasms
  3 giant cockroaches
  6 goblins
  6 hobgoblins
  4 jackals (D:1)
  2 quokkas (D:1)
  7 ball pythons
  6 frilled lizards
  8 kobolds
  2 rats
90 creatures vanquished.

Notes
Turn   | Place    | Note
-------+----------+-------------------------------------------
     0 | D:1      | ANNNA the Minotaur Berserker began the quest for the Orb.
     0 | D:1      | Reached XP level 1. HP: 19/19 MP: 0/0
   103 | D:1      | Reached XP level 2. HP: 11/27 MP: 1/1
   325 | D:1      | Reached XP level 3. HP: 16/33 MP: 2/2
   987 | D:2      | You fall into a shaft and drop 1 floor!
  1055 | D:2      | Reached ** piety under Trog
  1103 | D:2      | Reached XP level 4. HP: 40/40 MP: 3/3
  1300 | D:2      | Noticed Sigmund
  1311 | D:2      | Killed Sigmund
  1312 | D:2      | Reached skill level 1 in Stealth
  1312 | D:2      | Reached skill level 1 in Shields
  1312 | D:2      | Reached skill level 1 in Evocations
  1312 | D:2      | Reached XP level 5. HP: 47/47 MP: 4/4
  1422 | D:2      | Found a runed translucent door.
  1423 | D:2      | Noticed Crazy Yiuf
  1776 | D:2      | Killed Crazy Yiuf
  1781 | D:2      | Identified the +5 hammer of Wyrd {pain, rPois Will+}
  2112 | D:3      | Reached XP level 6. HP: 27/55 MP: 5/5
  2618 | D:4      | Found a bloodstained altar of Trog.
  2674 | D:4      | Reached skill level 5 in Axes
  2680 | D:4      | Reached skill level 5 in Fighting
  2750 | D:4      | Found Ostegar's Assorted Antiques.
  3150 | D:4      | Reached XP level 7. HP: 61/61 MP: 6/6
  3176 | D:4      | Upgraded the game from 0.30.1-9-gdf580d7c3d to
                  | 0.30.1-11-g7821555f0a
  3192 | D:5      | Entered Level 5 of the Dungeon
  3260 | D:5      | Found a blossoming altar of Fedhas.
  3329 | D:5      | Noticed Grinder
  3336 | D:5      | Paralysed by Grinder for 4 turns
  3340 | D:5      | Killed Grinder
  3447 | D:5      | Reached skill level 5 in Armour
  3458 | D:5      | Found a hazy altar of Hepliaklqana.
  3502 | D:5      | Found a staircase to the Ecumenical Temple.
  3551 | D:5      | Found Onubiess's Assorted Antiques.
  3570 | D:5      | Noticed Blork the orc
  3578 | D:5      | Killed Blork the orc
  3994 | D:5      | Found a shimmering blue altar of Sif Muna.
  4149 | D:6      | Reached XP level 8. HP: 70/70 MP: 7/7
  4156 | D:6      | Noticed Prince Ribbit
  4173 | D:6      | Reached *** piety under Trog
  4200 | D:6      | Noticed Maggie
  4207 | D:6      | Reached skill level 5 in Dodging
  4212 | D:6      | Demolished by Maggie

Illustrated notes

Levels and vault maps discovered:
D:1:      lightli_arrival_farm, layout_loops_cross, dk_noncrumbling_2,
          minmay_misc_feat_alley, st_stairs_6, wad_floor_pattern_2
D:2:      layout_loops_cross, nrook_uturn, uniq_crazy_yiuf_cottage, uniq_sigmund
D:3:      layout_basic
D:4:      layout_gridville, mainiacjoe_overflow_paths, serial_shops, shop
D:5:      layout_gridville, nicolae_sif_muna_little_library, lemuel_round_altar,
          nzn_hepliaklqana_mist_gate, temple_green, serial_shops,
          nicolae_shop_crystal, uniq_blork_the_orc, uniq_grinder
D:6:      layout_rooms, minivault_1, minmay_holes, minivault_4, uniq_maggie,
          uniq_prince_ribbit1

Skill      XL: |  1  2  3  4  5  6  7  8 |
---------------+-------------------------+-----
Fighting       | 4 5 6 |  6.2
Axes           | 4 5 6 |  6.3
Armour         | 3 4 5 |  5.6
Dodging        | 3 4 5 |  5.1
Stealth        | 1 2 |  2.3
Shields        | 1 2 3 |  3.2
Evocations     | 1 2 |  2.5

Action                     |  1- 3 |  4- 6 |  7- 9 || total
---------------------------+-------+-------+-------++-------
  Melee: Hand axe          |    68 |    58 |       ||   126
         Headbutt          |    14 |    16 |    13 ||    43
         War axe           |       |    25 |    51 ||    76
         Punch             |       |     1 |     1 ||     2
 Invoke: Berserk           |     1 |     2 |       ||     3
    Use: Scroll            |       |       |     4 ||     4
 Armour: Animal skin       |    11 |       |       ||    11
         Ring mail         |    12 |    37 |    31 ||    80
  Dodge: Dodged            |    35 |    52 |    43 ||   130
